 Dungeon Crawl Stone Soup version 0.26.1-11-gd32895ea62 (webtiles) character file.

Game seed: 14917244417750851594

52 Zeld the Caller (level 3, 3/20 HPs)
             Began as a Tengu Summoner on June 14, 2021.
             Quit the game on level 2 of the Dungeon.
             The game lasted 00:02:03 (1988 turns).

Zeld the Caller (Tengu Summoner)                    Turns: 1988, Time: 00:02:04

Health: 3/20       AC:  2    Str:  8    XL:     3   Next: 85%
Magic:  6/7        EV: 13    Int: 16    God:
Gold:   20         SH:  0    Dex: 14    Spells: 0/6 levels left

rFire    . . .     SeeInvis .   (no weapon)
rCold    . . .     Faith    .   (no shield)
rNeg     . . .     Spirit   .   a - +0 robe
rPois    .         Reflect  .   (helmet restricted)
rElec    .         Harm     .   (no cloak)
rCorr    .         Rampage  .   (no gloves)
Will     .....                  (boots unavailable)
Stlth    ++........             (no amulet)
HPRegen  0.06/turn              (no ring)
MPRegen  0.10/turn              (no ring)

@: lethally poisoned (3 -> -6)
A: beak, talons 3
a: no special abilities


You were on level 2 of the Dungeon.
You visited 1 branch of the dungeon, and saw 2 of its levels.

You collected 20 gold pieces.

Inventory:

Armour
 a - a +0 robe (worn)
Jewellery
 b - a +6 ring of dexterity {unknown}
Scrolls
 e - a scroll of identify {unknown}
 f - a scroll of magic mapping {unknown}
Potions
 c - 2 potions of degeneration {unknown}
 d - a potion of invisibility {unknown}


   Skills:
 + Level 1.2 Fighting
 + Level 2.8 Dodging
 - Level 2.0 Stealth
 + Level 2.4 Spellcasting
 * Level 5.5 Summonings


You couldn't memorise any spells.
You knew the following spells:

 Your Spells              Type           Power        Failure   Level
a - Summon Small Mammal   Summ           76%          1%          1
b - Call Imp              Summ           19%          3%          2
c - Call Canine Familiar  Summ           19%          6%          3

Your spell library contained the following spells:

 Spells                   Type           Power        Failure   Level
 Summon Guardian Golem    Hex/Summ       10%          19%         3
 Summon Ice Beast         Ice/Summ       10%          54%         4
 Summon Lightning Spire   Summ/Air       10%          54%         4


Dungeon Overview and Level Annotations

Branches:
Dungeon (2/15)

Altars:


Innate Abilities, Weirdness & Mutations

You have a beak for a mouth.
You have claws for feet.


Message History

Unknown command.
* * * LOW HITPOINT WARNING * * *
You feel sick. What are your orders? t - Shout!
Orders for allies: a - Attack new target. r - Retreat! s - Stop attacking. g - Guard the area. f - Follow me.
Anything else - Cancel.
Gang up on whom?
Press: ? - help, Dir - move target, f - you Really target yourself?
Okay, then.
Unknown command.
* * * LOW HITPOINT WARNING * * *
You feel sick.
There is a lethal amount of poison in your body!
There is a lethal amount of poison in your body!
There is a lethal amount of poison in your body!
Are you sure you want to abandon this character and quit the game? (Confirm with "yes".)

#..###.### .....
#........ .....#
#..b....# ...#.#.
#..# #..# .......
#..###..###..#....
#..)÷.............
##.###..#.......#.
####....5.†.?....
#...@.........
#.............
#.............
#....).#......
#......#....#.
#......##.....
#......####.##
#.......###.#
#.?.........#


You could see a friendly crimson imp (summoned).

Vanquished Creatures
  An ooze (D:1)
  3 dart slugs (D:1)
  A leopard gecko (D:1)
  2 goblins (D:1)
  A hobgoblin (D:1)
  A jackal (D:1)
  3 bats (D:1)
  A frilled lizard (D:1)
  A rat (D:1)
14 creatures vanquished.

Vanquished Creatures (collateral kills)
  2 adders (D:2)
  3 dart slugs
  2 leopard geckos
  A ball python (D:1)
  2 bats (D:1)
  A giant cockroach (D:1)
  3 jackals (D:1)
  4 kobolds
18 creatures vanquished.

Grand Total: 32 creatures vanquished

Notes
Turn   | Place    | Note
-------+----------+-------------------------------------------
     0 | D:1      | Zeld the Tengu Summoner began the quest for the Orb.
     0 | D:1      | Reached XP level 1. HP: 10/10 MP: 4/4
    77 | D:1      | Reached skill level 5 in Summonings
   131 | D:1      | Reached XP level 2. HP: 15/16 MP: 4/6
   134 | D:1      | Learned a level 2 spell: Call Imp
   963 | D:1      | Reached XP level 3. HP: 14/20 MP: 4/7
   967 | D:1      | Learned a level 3 spell: Call Canine Familiar
  1073 | D:1      | Reached skill level 1 in Fighting
  1988 | D:2      | Quit the game

Illustrated notes

Levels and vault maps discovered:
D:1:      dpeg_arrival_boxes_within_box, layout_loops_cross
D:2:      layout_basic, uniq_natasha

Skill      XL: |  1  2  3 |
---------------+----------+-----
Summonings     | 5 |  5.5
Fighting       | 1 |  1.2
Dodging        | |  2.8
Stealth        | |  2.0
Spellcasting   | |  2.4

Action                   || total
-------------------------++-------
Melee: Unarmed           ||    84
       Kick              ||    20
       Peck              ||    14
 Cast: Summon Small Mamm ||    19
       Call Imp          ||    12
 Stab: Sleeping          ||     1
Armor: Robe              ||    17
Dodge: Dodged            ||    83
